 Dungeon Crawl Stone Soup version 0.31-a0-1626-g5cb510d322 (webtiles) character file.

Game seed: 16765028520880572129

1492 Ivernyr the Blocker (level 9, 0/71 HPs)
             Began as a Formicid Fighter on Jan 12, 2024.
             Slain by a gnoll
             ... wielding a +0 halberd
              (12 damage)
             ... in a bailey.
             The game lasted 00:12:59 (6177 turns).

Ivernyr the Blocker (Formicid Fighter)              Turns: 6177, Time: 00:13:00

Health: 0/71       AC: 10    Str: 22 (24) XL:     9   Next: 7%
Magic:  9/9        EV:  9    Int:  8 (9)  God:
Gold:   253        SH:  6    Dex: 12 (13) Spells: 8/8 levels left

rFire   . . .        a - +0 quarterstaff
rCold   . . .        c - +0 buckler
rNeg    . . .        b - +0 scale mail
rPois   .            (helmet unavailable)
rElec   .            (no cloak)
rCorr   .            q - +0 pair of gloves
SInv    +            k - +0 pair of boots
Will    .....        (no amulet) Stlth
                     (no ring)
HPRegen 0.31/turn    (no ring)
MPRegen 0.11/turn

%: no passive effects
@: no status effects
A: permanent stasis, dig shafts and tunnels, antennae 3, four strong arms
a: Dig


You were in a bailey.
You visited 1 branch of the dungeon, and saw 6 of its levels.
You also visited: Bailey.

You collected 253 gold pieces.

Inventory:

Hand Weapons
 a - a +0 quarterstaff (weapon)
Armour
 b - a +0 scale mail (worn)
 c - a +0 buckler (worn)
 k - a +0 pair of boots (worn)
 q - a +0 pair of gloves (worn)
Wands
 i - a wand of iceblast (8)
Scrolls
 d - a scroll of vulnerability
 e - 2 scrolls of revelation
 f - a scroll of blinking
 h - 2 scrolls of enchant weapon {unknown}
 j - 4 scrolls of immolation {unknown}
 n - a scroll of fog
 o - a scroll of teleportation
 r - a scroll of torment
 t - a scroll of fear
Potions
 g - 5 potions of degeneration
 l - 2 potions of berserk rage
 m - 2 potions of curing
 s - a potion of lignification
 v - 2 potions of brilliance
 w - a potion of invisibility {unknown}


   Skills:
 + Level 6.7 Fighting
 + Level 5.5 Staves
 + Level 6.7 Armour
 + Level 8.1 Shields


You had 8 spell levels left.
You didn't know any spells.
Your spell library contained the following spells:

 Spells                   Type           Power      Damage    Failure   Level
 Summon Ice Beast         Ice/Summ       0%         N/A       98%         3
 Summon Mana Viper        Hex/Summ       0%         N/A       100%        5
 Monstrous Menagerie      Summ           0%         N/A       100%        7


Dungeon Overview and Level Annotations

Branches:
Dungeon (7/15)             Bailey (1/1)
 Temple: D:4-7

Altars:
Ashenzari
Kikubaaqudgha
Nemelex Xobeh
Okawaru
Vehumet
The Shining One

Shops:
D:7 :

Annotations:
D:3 exclusion: statue


Innate Abilities, Weirdness & Mutations

You cannot be hasted, slowed, berserked, paralysed or teleported.
You can dig through walls and to a lower floor.
You have a pair of large antennae on your head. (SInv)
Your four strong arms can wield two-handed weapons with a shield.


Message History

You cannot move.
You cannot move.
Okay, then.
Sorry, you're not good enough to have a special ability.
It was a potion of cancellation.
Your magical effects are unravelling.
You feel magically purged.
You feel less wooden.
Your +0 pair of gloves unmelds from your body.
Your +0 pair of boots unmelds from your body.
Your +0 scale mail unmelds from your body.
You feel a little less clever now.
The gnoll hits you from afar with a +0 trident.
* * * LOW HITPOINT WARNING * * *
You block the gnoll's attack. The gnoll hits you but does no damage.
You see here a hound corpse.
You sock the gnoll!
The gnoll is severely wounded.
The gnoll completely misses you. The gnoll barely misses you.
You closely miss the gnoll.
The gnoll is severely wounded.
The gnoll hits you but does no damage. The gnoll hits you with a +0 trident.
* * * LOW HITPOINT WARNING * * *
You sock the gnoll!
You kill the gnoll!
The gnoll throws a throwing net.
The throwing net hits you.
You become entangled in the net!
You tear a large gash into the net.
The gnoll barely misses you.
Unknown command.
You struggle against the net.
The gnoll hits you but does no damage.
You rip the net and break free!
The gnoll hits you from afar with a +0 halberd.
* * * LOW HITPOINT WARNING * * *
You block the gnoll's attack.
Things that are here:
a +0 trident; a +0 scale mail; a gnoll corpse You barely miss the gnoll.
The gnoll hits you with a +0 halberd!
* * * LOW HITPOINT WARNING * * *
You hit the gnoll but do no damage. The gnoll hits you with a +0 halberd!
You die...

### ♣∩♣ ♣†♣
♣♣@♣♣ ♣.g.♣
♣.......♣
...........♣
...............
≈≈≈≈≈≈...≈≈≈≈≈≈
...............
...............
######+++######


You could see a gnoll.

Vanquished Creatures
  Eustachio (D:4)
  A water moccasin (D:5)
  Duvessa (D:4)
  An ice beast (D:5)
  A black bear (D:4)
  An ogre (D:5)
  A centaur (D:7)
  A bullfrog (D:7)
  A scorpion (D:7)
  Dowan (D:4)
  A howler monkey (D:7)
  A bombardier beetle (D:5)
  4 hounds
  3 orc priests
  A gnoll bouda (D:4)
  2 iguanas (D:4)
  2 orc wizards (D:5)
  4 gnolls
  7 adders
  2 ufetubi (D:3)
  2 dart slugs
  5 ribbon worms
  7 orcs
  7 endoplasms
  4 giant cockroaches
  8 goblins
  16 hobgoblins
  7 jackals
  4 quokkas
  7 ball pythons
  7 bats
  5 frilled lizards
  12 kobolds
  5 rats
133 creatures vanquished.

Notes
Turn   | Place    | Note
-------+----------+-------------------------------------------
     0 | D:1      | Ivernyr the Formicid Fighter began the quest for the Orb.
     0 | D:1      | Reached XP level 1. HP: 18/18 MP: 1/1
   141 | D:1      | Reached XP level 2. HP: 23/24 MP: 2/2
   359 | D:1      | Reached XP level 3. HP: 26/29 MP: 3/3
   520 | D:1      | Found a faded altar of an unknown god.
  1582 | D:2      | Reached XP level 4. HP: 37/37 MP: 4/4
  2067 | D:3      | Found an iron altar of Okawaru.
  2395 | D:3      | Reached skill level 5 in Shields
  2395 | D:3      | Reached XP level 5. HP: 36/42 MP: 5/5
  2587 | D:3      | Found a glowing golden altar of the Shining One.
  2630 | D:3      | Found a broken altar of Ashenzari.
  2921 | D:3      | Found a radiant altar of Vehumet.
  2921 | D:3      | Noticed a frost-covered statue
  3281 | D:4      | Noticed Eustachio
  3303 | D:4      | Killed Eustachio
  3304 | D:4      | Reached XP level 6. HP: 34/49 MP: 6/6
  3416 | D:4      | Found an ancient bone altar of Kikubaaqudgha.
  4290 | D:5      | Entered Level 5 of the Dungeon
  4303 | D:4      | Reached XP level 7. HP: 46/55 MP: 7/7
  4356 | D:4      | Reached skill level 5 in Armour
  4360 | D:4      | Reached skill level 5 in Fighting
  4522 | D:4      | Reached skill level 6 in Shields
  4618 | D:5      | Noticed Dowan
  4619 | D:5      | Noticed Duvessa
  4880 | D:4      | Killed Duvessa
  4903 | D:4      | Killed Dowan
  5037 | D:5      | Noticed a water moccasin
  5062 | D:5      | Killed a water moccasin
  5063 | D:5      | Reached XP level 8. HP: 24/64 MP: 8/8
  5253 | D:5      | Reached skill level 7 in Shields
  5618 | D:5      | Found a sparkling altar of Nemelex Xobeh.
  5743 | D:5      | Reached skill level 5 in Staves
  5868 | D:5      | You fall into a shaft and drop 2 floors!
  6110 | D:7      | Found Teirico's Vocational Training.
  6132 | D:7      | Reached XP level 9. HP: 49/71 MP: 9/9
  6140 | D:7      | Found the +11 plutonium sword {^Contam Stlth-}
  6141 | D:7      | Found a flagged portal.
  6149 | Bailey   | Entered a bailey
  6160 | Bailey   | Reached skill level 8 in Shields
  6177 | Bailey   | Slain by a gnoll

Illustrated notes

Levels and vault maps discovered:
D:1:      minmay_arrival_diagonal_passages, layout_loops_ring,
          hellmonk_ecumenical_altar_prayer_group
D:2:      layout_basic, kennysheep_generic_room_11
D:3:      minmay_skewed_foursquare, layout_loops_ring, okawaru_metal_pillars_3,
          vehumet_statue, mainiacjoe_overflow_large_starburst,
          minmay_fractal_squares_diagonal_5
D:4:      layout_layer_cave, old_standard_altar, uniq_eustachio
D:5:      layout_basic, mainiacjoe_overflow_alcove_2, nrook_mini_backslash,
          hangedman_abyss_or_decor_stabs, minmay_increasing_density,
          uniq_duvessa
D:7:      layout_rooms, enter_bailey_6, nicolae_shop_vocational
Bailey:   bailey_polearm_gnolls_kennysheep, bailey

Skill      XL: |  1  2  3  4  5  6  7  8  9 |
---------------+----------------------------+-----
Armour         | 4 5 6 |  6.7
Fighting       | 4 5 6 |  6.7
Staves         | 3 4 5 |  5.5
Shields        | 5 6 7 8 |  8.1

Action                     |  1- 3 |  4- 6 |  7- 9 || total
---------------------------+-------+-------+-------++-------
  Melee: Quarterstaff      |   128 |   189 |   205 ||   522
Ability: Dig               |     1 |     1 |       ||     2
         Shaft Self        |       |       |     1 ||     1
    Use: Potion            |       |     1 |     6 ||     7
         Scroll            |       |       |     9 ||     9
 Armour: Scale mail        |    81 |   115 |   218 ||   414
         Skin              |       |       |    16 ||    16
  Dodge: Dodged            |    63 |    87 |   112 ||   262
  Block: Buckler           |    47 |    54 |    79 ||   180

Table legend: (Time is in decaauts)
 A = Elapsed time spent in this place.
 B = Non-inter-level travel time spent in this place.
 C = Inter-level travel time spent in this place.
 D = Time resting spent in this place.
 E = Time spent auto-exploring this place.
 F = Levels seen in this place.
 G = Mean time per level.
                   A        B        C        D        E       F      G
               +--------+--------+--------+--------+--------+-----+--------+
         Total |   6262 |   6175 |     87 |   1008 |   3828 |   7 |  894.6 |
       Dungeon |   6234 |   6147 |     87 |   1008 |   3828 |   6 | 1039.0 |
        Bailey |     28 |     28 |      0 |      0 |      0 |   1 |   28.0 |
               +--------+--------+--------+--------+--------+-----+--------+

Top non-repeatable levels by time:
     D:4: 1764 daAuts
     D:2: 1147 daAuts
     D:3: 1063 daAuts
     D:5: 1048 daAuts
     D:1: 928 daAuts
     D:7: 282 daAuts
  Bailey: 28 daAuts
